 Seeded DCSS version 0.27.1-34-g3ba077fa99 (webtiles) character file.

Game seed: 74894893043 (custom seed)

12838 lonewolfV2 the Blocker (level 11, 0/142 HPs)
             Began as a Minotaur Fighter on Jan 6, 2022.
             Was a Plaything of Xom.
             Slain by a quicksilver ooze (2 damage)
             ... on level 2 of the Lair of Beasts.
             The game lasted 00:33:18 (11487 turns).

lonewolfV2 the Blocker (Minotaur Fighter)          Turns: 11487, Time: 00:33:19

Health: 0/142      AC: 19    Str: 21    XL:     11   Next: 67%
Magic:  0/10       EV: 21    Int:  5    God:    Xom [...*..]
Gold:   789        SH: 13    Dex: 19    Spells: 10/10 levels left

rFire    + . .     SeeInvis .   H - +8 trident "Quumaleh" {drain, rElec}
rCold    + . .     Faith    .   c - +0 kite shield
rNeg     . . .     Spirit   +   I - +4 troll leather armour {Snorg}
rPois    +         Reflect  .   (helmet restricted)
rElec    +         Harm     .   i - +2 cloak
rCorr    .         Rampage  .   (no gloves)
Will     .....                  u - +0 pair of boots "Derihas" {rF+ rC+ Stlth-}
Stlth    ..........             p - amulet of guardian spirit
HPRegen  2.33/turn              A - +6 ring of dexterity
MPRegen  0.12/turn              e - ring of poison resistance

@: agile, berserking (expiring), engulfed (cannot breathe), hasted, very quick
A: horns 2, retaliatory headbutt, iridescent scales 2, mutation resistance 1,
sense surroundings 2, regeneration 1, shaggy fur 1, wild magic 1, MP-powered
wands, noise suppression
a: Renounce Religion


You were on level 2 of the Lair of Beasts.
You worshipped Xom.
You were a favourite toy of Xom.
You visited 3 branches of the dungeon, and saw 13 of its levels.

You collected 1886 gold pieces.
You spent 1097 gold pieces at shops.

Inventory:

Hand Weapons
 m - a +2 dagger of electrocution
 z - a +0 rapier of draining
 E - the +3 battleaxe "Coehamm Yggi" {vorpal, rF++ Dex+3}
   (You bought it in a shop on level 8 of the Dungeon)

   It inflicts extra damage upon your enemies.
   Dex:       It affects your dexterity (+3).
   rF:        It greatly protects you from fire.
 H - the +8 trident "Quumaleh" (weapon) {drain, rElec}
   (You found it on level 8 of the Dungeon)

   A truly terrible weapon, it drains the life of any living foe it strikes.
   rElec:     It insulates you from electricity.
Missiles
 x - a throwing net
Armour
 c - a +0 kite shield (worn)
 i - a +2 cloak (worn)
 u - the +0 pair of boots "Derihas" (worn) {rF+ rC+ Stlth-}
   (You acquired it on level 7 of the Dungeon)

   rF:        It protects you from fire.
   rC:        It protects you from cold.
   Stlth:     It makes you less stealthy.
 I - a +4 troll leather armour (worn) {Snorg}
Jewellery
 e - a ring of poison resistance (right hand)
 g - a +4 ring of protection
 p - an amulet of guardian spirit (around neck)
 A - a +6 ring of dexterity (left hand)
 F - an amulet of regeneration
Wands
 f - a wand of flame (12)
 h - a wand of iceblast (13) (quivered)
 n - a wand of paralysis (11)
 v - a wand of digging (10)
 w - a wand of polymorph (26)
Scrolls
 a - a scroll of identify
 b - a scroll of fog
 j - 9 scrolls of teleportation
 D - a scroll of fear
Potions
 d - 3 potions of attraction
 k - 3 potions of flight
 l - 4 potions of heal wounds
 o - a potion of ambrosia
 q - 5 potions of curing
 r - 12 potions of degeneration
 s - 2 potions of invisibility
 t - a potion of brilliance
 C - a potion of magic {unknown}
Miscellaneous
 B - a lightning rod (inert)


   Skills:
 + Level 8.3 Fighting
 + Level 5.3 Short Blades
 + Level 8.7(10.0) Axes
 + Level 7.6(9.4) Polearms
 + Level 9.2 Armour
 + Level 7.4 Dodging
 + Level 2.0 Stealth
 + Level 12.2 Shields
 + Level 1.0 Evocations


You had 10 spell levels left.
You didn't know any spells.
Your spell library contained the following spells:

 Spells                   Type           Power      Damage    Failure   Level
 Beastly Appendage        Tmut           0%         N/A       73%         1
 Foxfire                  Conj/Fire      0%         2x1d4     73%         1
 Freeze                   Ice            0%         1d3       73%         1
 Wereblood                Tmut           0%         N/A       85%         2
 Call Canine Familiar     Summ           0%         N/A       97%         3
 Frozen Ramparts          Ice            0%         1d2       97%         3
 Portal Projectile        Hex/Tloc       0%         N/A       97%         3
 Spider Form              Tmut/Pois      0%         N/A       97%         3
 Hailstorm                Conj/Ice       0%         3d3       100%        4
 Leda's Liquefaction      Hex/Erth       0%         N/A       100%        4
 Eringya's Noxious Bog    Tmut/Pois      0%         N/A       100%        6
 Starburst                Conj/Fire      0%         6d3       100%        6


Dungeon Overview and Level Annotations

Branches:
Dungeon (10/15)            Temple (1/1) D:5            Lair (2/6) D:10
  Swamp (0/4) Lair:2          Orc (0/2) D:9
  Snake: Lair:2-4    Spider: Lair:2-4

Altars:
Ashenzari
Cheibriados
Dithmenos
Elyvilon
Fedhas
Gozag
Hepliaklqana
Kikubaaqudgha
Makhleb
Nemelex Xobeh
Okawaru
Qazlal
Ru
Sif Muna
Trog
Uskayaw
Vehumet
Wu Jian
Xom
Yredelemnul
Zin
The Shining One

Shops:
D:7 !**   D:8 =![(=

Annotations:
D:10 2 runed translucent doors, rvierbuc's ghost, journeyman MiBe


Innate Abilities, Weirdness & Mutations

You have a pair of horns on your head.
You reflexively headbutt those who attack you in melee.
You are mostly covered in iridescent scales. (AC +4)
You are somewhat resistant to further mutation.
You passively map the area around you.
Your natural rate of healing is unusually fast.
You are covered in fur. (AC +1)
Your spells are a little harder to cast, but a little more powerful.
You expend magic power (3 MP) to strengthen your wands.
You passively dampen the noise of your surroundings.


Message History

The quicksilver ooze hits you.
You block the quicksilver ooze's attack.
The wolf bites you. The quicksilver ooze hits you.
The quicksilver ooze closely misses you.
Something closely misses you. The wolf misses you. You furiously retaliate!
You headbutt the wolf!
You kill the wolf!
You slip free of the ooze engulfing you.
Your lungs strain for air!
You block the quicksilver ooze's attack.
The quicksilver ooze hits you.
You feel your power leaking away. You block the wolf's attack.
A wolf comes into view.
The quicksilver ooze hits you! x2
* * * LOW HITPOINT WARNING * * *
The wolf misses you. You furiously retaliate!
You headbutt the wolf!! Something hits you but does no damage.
You see here a wolf corpse.
You hit the quicksilver ooze.
The quicksilver ooze is lightly wounded.
* * * LOW HITPOINT WARNING * * *
Your lungs strain for air!
The quicksilver ooze hits you!
* * * LOW HITPOINT WARNING * * *
The quicksilver ooze barely misses you. The wolf bites you but does no damage.
You are too berserk!
You impale something!!
* * * LOW HITPOINT WARNING * * *
Your lungs strain for air!
The quicksilver ooze hits you!!
* * * LOW HITPOINT WARNING * * *
The quicksilver ooze hits you but does no damage.
You block something's attack.
You impale something!! You headbutt something!
* * * LOW HITPOINT WARNING * * *
Your lungs strain for air!
The quicksilver ooze hits you.
You die...
Xom bursts into laughter!

* ####.♣......###...##.
* ..#..........##...#..
##...PP#..............
##......#*.............
#.#.....## #..........#
##.......####........##
#..........##........##
##....{...............#
#..[.@h.#..†...##P###.
#....J.####...##### #.
####.#..####..# ###.
####......## #.P.
#.#...## #... #######
##P. ###


You could see a quicksilver ooze (berserk) and a wolf.

Vanquished Creatures
  Snorg (D:10)
  A two-headed ogre (D:10)
  Pikel (D:5)
  A cyclops (D:8)
  5 cane toads
  2 komodo dragons (Lair:1)
  A polar bear (Lair:2)
  A tyrant leech (Lair:2)
  The ghost of belegose the Skirmisher, an amateur MiAM (D:6)
  Grinder (D:3)
  Prince Ribbit (D:5)
  A wraith (D:9)
  3 wyverns
  A basilisk (Lair:2)
  Grum (D:8)
  A steam dragon (D:6)
  Menkaure (D:5)
  3 wargs (D:10)
  4 water moccasins
  A swamp drake (D:9)
  A black bear (D:4)
  4 orc warriors
  A sky beast (D:8)
  A necrophage (D:6)
  2 ogres
  20 wolves
  4 centaurs
  2 phantoms
  A kobold brigand (D:9)
  2 bullfrogs
  2 gnoll sergeants (D:10)
  15 killer bees
  4 wights (D:8)
  An electric eel (Lair:2)
  4 howler monkeys
  2 hounds
  8 orc priests
  A bullfrog skeleton (D:5)
  A centaur skeleton (D:4)
  2 gnoll shamans
  An iguana (D:6)
  8 orc wizards
  Robin (D:4)
  A howler monkey zombie (D:10)
  2 howler monkey skeletons
  7 adders
  26 gnolls
  3 shadow imps
  3 ufetubi (D:5)
  An adder skeleton (D:4)
  3 worms
  A dart slug (D:4)
  38 orcs
  4 bats
  5 endoplasms
  A giant cockroach (D:2)
  14 goblins
  6 hobgoblins
  3 jackals (D:2)
  2 quokkas
  4 ball pythons
  A frilled lizard (D:3)
  16 kobolds
  4 rats
265 creatures vanquished.

Vanquished Creatures (collateral kills)
  2 orc warriors (D:9)
  A swamp drake (D:9)
  A sky beast (D:7)
  A wolf (D:9)
  A bullfrog (D:8)
  2 gnolls
  3 orcs (D:9)
  A kobold (D:9)
12 creatures vanquished.

Vanquished Creatures (others)
  Psyche (D:9)
  An orc wizard (D:9)
  4 orcs
  3 fungi (Lair:2)
  8 plants (Lair:2)
17 creatures vanquished.

Grand Total: 294 creatures vanquished

Notes
Turn   | Place    | Note
-------+----------+-------------------------------------------
     0 | D:1      | lonewolfV2 the Minotaur Fighter began the quest for the
                  | Orb.
     0 | D:1      | Reached XP level 1. HP: 19/19 MP: 0/0
   241 | D:1      | Reached XP level 2. HP: 27/27 MP: 1/1
   242 | D:1      | Found a faded altar of an unknown god.
   858 | D:2      | Reached skill level 4 in Shields
   869 | D:2      | Reached XP level 3. HP: 33/33 MP: 2/2
   894 | D:2      | You fall into a shaft and drop 1 floor!
  1116 | D:3      | Noticed Grinder
  1137 | D:3      | Paralysed by Grinder for 6 turns
  1157 | D:3      | Killed Grinder
  1158 | D:3      | Reached skill level 1 in Dodging
  1158 | D:3      | Reached skill level 5 in Shields
  1158 | D:3      | Reached XP level 4. HP: 15/41 MP: 3/3
  1158 | D:3      | Reached XP level 5. HP: 17/47 MP: 4/4
  1538 | D:3      | Reached skill level 5 in Axes
  1538 | D:3      | Reached XP level 6. HP: 53/53 MP: 5/5
  1955 | D:4      | Noticed Robin
  2622 | D:4      | Reached skill level 5 in Armour
  2714 | D:4      | Killed Robin
  2931 | D:4      | Reached skill level 6 in Shields
  2931 | D:4      | Reached XP level 7. HP: 51/60 MP: 6/6
  3330 | D:5      | Entered Level 5 of the Dungeon
  3356 | D:5      | Noticed Prince Ribbit
  3386 | D:5      | Killed Prince Ribbit
  3387 | D:5      | Reached skill level 5 in Fighting
  3559 | D:5      | Noticed Pikel
  3577 | D:5      | Killed Pikel
  3578 | D:5      | Reached skill level 1 in Short Blades
  3578 | D:5      | Reached skill level 7 in Shields
  3578 | D:5      | Reached XP level 8. HP: 52/69 MP: 7/7
  3622 | D:5      | Noticed Menkaure
  3631 | D:5      | Killed Menkaure
  4391 | D:5      | Found the +0 mask of the Dragon {Will+ Slay+3 SInv}
  4395 | D:5      | Found a staircase to the Ecumenical Temple.
  4466 | Temple   | Entered the Ecumenical Temple
  4533 | Temple   | Became a worshipper of Xom of Bone-Dry Humour
  4837 | D:6      | Found a runed translucent door.
  4837 | D:6      | Noticed belegose's ghost (amateur MiAM)
  4866 | D:6      | Killed belegose's ghost
  4867 | D:6      | Reached skill level 8 in Shields
  4935 | D:6      | Reached XP level 9. HP: 65/75 MP: 8/8
  5458 | D:6      | XOM: polymorph centaur -> iguana
  5587 | D:6      | XOM: give mutations
  5587 | D:6      | Gained mutation: You are partially covered in iridescent
                  | scales. (AC +2) [Xom's grace]
  5587 | D:6      | Gained mutation: You are robust. (+10% HP) [Xom's grace]
  5587 | D:6      | Gained mutation: You passively map a small area around you.
                  | [Xom's grace]
  5597 | D:6      | XOM: god gift: 1128 gold pieces
  5729 | D:7      | Found Hieguvix's Assorted Antiques.
  5819 | D:7      | Reached skill level 9 in Shields
  5822 | D:7      | XOM: confusion
  6253 | D:7      | Found Azixil's Distillery.
  6262 | D:7      | Bought a potion of heal wounds for 60 gold pieces
  6262 | D:7      | Bought a potion of heal wounds for 60 gold pieces
  6361 | D:7      | XOM: silly message
  6583 | D:7      | XOM: summons friendly white imp
  6612 | D:7      | XOM: polymorph white imp -> crimson imp
  6766 | D:7      | XOM: enchant monster (bad)
  6801 | D:7      | Found Juomyane's General Store.
  6883 | D:7      | XOM: 2-stop teleportation journey
  6962 | D:7      | Identified a scroll of acquirement
  6962 | D:7      | Acquired the +0 pair of boots "Derihas" {rF+ rC+ Stlth-}
  7076 | D:7      | XOM is BORED!
  7101 | D:7      | XOM: give mutation
  7101 | D:7      | Gained mutation: You are somewhat resistant to further
                  | mutation. [Xom's grace]
  7148 | D:7      | Bought a potion of heal wounds for 145 gold pieces
  7177 | D:7      | XOM: god gift: glowing rapier {god gift}
  7237 | D:8      | Found Ceweith's Distillery.
  7294 | D:8      | Reached skill level 1 in Stealth
  7316 | D:8      | XOM: god gift: scroll labelled MAMEOKK RAWU {god gift}
  7369 | D:8      | Reached skill level 5 in Short Blades
  7389 | D:8      | Found Joiwn's Jewellery Boutique.
  7407 | D:8      | XOM: give mutations
  7407 | D:8      | Gained mutation: You are mostly covered in iridescent
                  | scales. (AC +4) [Xom's grace]
  7407 | D:8      | Gained mutation: Your spells are a little harder to cast,
                  | but a little more powerful. [Xom's grace]
  7419 | D:8      | XOM: summons friendly ufetubus
  7427 | D:8      | Reached skill level 10 in Shields
  7489 | D:8      | XOM: scenery: summon butterflies
  7563 | D:8      | Noticed Grum
  7564 | D:8      | Found Lyopext's Weapon Shoppe.
  7564 | D:8      | XOM: divination: detect creatures
  7589 | D:8      | Reached XP level 10. HP: 41/92 MP: 3/9
  7592 | D:8      | Killed Grum
  7606 | D:8      | Bought the +3 battleaxe "Coehamm Yggi" {vorpal, rF++ Dex+3}
                  | for 832 gold pieces
  7817 | D:8      | Found Roesowas's Armour Boutique.
  7864 | D:8      | XOM: cleaving
  7870 | D:8      | Reached skill level 5 in Dodging
  8055 | D:8      | Noticed a cyclops
  8063 | D:8      | Killed a cyclops
  8114 | D:8      | XOM: god gift: scarf of shadows
  8141 | D:8      | Identified the +8 trident "Quumaleh" {drain, rElec}
  8174 | D:8      | Found Zugoabli's Jewellery Shoppe.
  8399 | D:8      | XOM: give mutation
  8399 | D:8      | Gained mutation: Your natural rate of healing is unusually
                  | fast. [Xom's grace]
  8449 | D:9      | Found a glowing golden altar of the Shining One.
  8464 | D:9      | XOM: polymorph centaur -> wolf
  8469 | D:9      | XOM: cast spell 'Summon Horrible Things'
  8518 | D:9      | Found a burning altar of Makhleb.
  8519 | D:9      | Found a shadowy altar of Dithmenos.
  8519 | D:9      | Found a broken altar of Ashenzari.
  8614 | D:9      | XOM: summons 1 hostile shadow creature
  8615 | D:9      | Noticed a two-headed ogre
  8666 | D:9      | Found a staircase to the Orcish Mines.
  8726 | D:9      | XOM: cloud trail
  8778 | D:9      | XOM: summons 2 friendly demons
  8786 | D:9      | Noticed Psyche
  8792 | D:9      | XOM: cast spell 'Summon Mana Viper'
  8794 | D:9      | Killed Psyche
  8836 | D:9      | Got the Tome of the Blaze and Contamination
  9058 | D:9      | XOM: destruction
  9069 | D:9      | XOM: polymorph orc warrior -> wolf
  9177 | D:10     | Entered Level 10 of the Dungeon
  9224 | D:10     | Found a runed translucent door.
  9237 | D:10     | XOM: give mutations
  9237 | D:10     | Gained mutation: You passively map the area around you.
                  | [Xom's grace]
  9237 | D:10     | Gained mutation: You passively dampen the noise of your
                  | surroundings. [Xom's grace]
  9237 | D:10     | Gained mutation: You expend magic power (3 MP) to
                  | strengthen your wands. [Xom's grace]
  9237 | D:10     | Gained mutation: You are covered in fur. (AC +1) [Xom's
                  | grace]
  9286 | D:10     | Noticed Snorg
  9298 | D:10     | Killed Snorg
  9345 | D:10     | XOM: god gift: potion of curing
  9357 | D:10     | Noticed rvierbuc's ghost (journeyman MiBe)
  9358 | D:10     | Noticed a lich
  9358 | D:10     | Noticed a skeletal warrior
  9358 | D:10     | Noticed a deep troll earth mage
  9360 | D:10     | Noticed an ice dragon
  9388 | D:10     | Found a staircase to the Lair.
  9390 | D:10     | XOM: enchant monster (good)
  9394 | D:10     | Reached skill level 5 in Polearms
  9396 | D:10     | Found a runed translucent door.
  9408 | D:10     | Reached skill level 11 in Shields
  9411 | D:10     | Reached XP level 11. HP: 68/101 MP: 5/10
  9452 | D:10     | Noticed a necromancer
  9585 | D:10     | XOM: scenery: 3 doors close
  9959 | D:10     | Noticed a two-headed ogre
  9968 | D:10     | Killed a two-headed ogre
  9969 | D:10     | Reached skill level 1 in Evocations
 10067 | D:10     | Noticed a four-headed hydra
 10116 | Lair:1   | Entered Level 1 of the Lair of Beasts
 10149 | Lair:1   | XOM: summons 6 hostile demons
 10150 | Lair:1   | Noticed a soul eater
 10189 | Lair:1   | XOM: confusion (+ monsters)
 10332 | Lair:1   | XOM: confusion
 10337 | Lair:1   | XOM: enchant monster (bad)
 10402 | Lair:1   | Lost mutation: You passively map the area around you.
                  | [potion of mutation]
 10402 | Lair:1   | Lost mutation: You are robust. (+10% HP) [potion of
                  | mutation]
 10402 | Lair:1   | Gained mutation: You passively map the area around you.
                  | [potion of mutation]
 10463 | Lair:1   | XOM: torment (52/94 hp)
 10923 | Lair:2   | XOM: summons 2 hostile shadow creatures
 10924 | Lair:2   | Noticed an eight-headed hydra
 11073 | Lair:2   | XOM: confusion
 11081 | Lair:2   | XOM: scenery: summon butterflies
 11114 | Lair:2   | XOM: torment (52/94 hp)
 11165 | Lair:2   | Identified the +1 ring mail of Emorra {*Slow rC+ rN+}
 11245 | Lair:2   | Found a staircase to the Swamp.
 11274 | Lair:2   | Reached skill level 12 in Shields
 11307 | Lair:2   | XOM: 2-stop teleportation journey
 11390 | Lair:2   | XOM: give mutation
 11468 | Lair:2   | Identified the +1 robe of Love and Death {Harm Rampage rC+
                  | rN+++ Int-4}
 11469 | Lair:2   | XOM: chaos cloud
 11472 | Lair:2   | Noticed a glowing shapeshifter
 11472 | Lair:2   | a cane toad changed into a glowing shapeshifter
 11473 | Lair:2   | a glowing shapeshifter changed into a slime creature
 11475 | Lair:2   | Noticed a quicksilver ooze
 11475 | Lair:2   | a tyrant leech changed into a quicksilver ooze
 11475 | Lair:2   | XOM: polymorph tyrant leech -> quicksilver ooze
 11486 | Lair:2   | HP: 6/142 [quicksilver ooze (18)]
 11487 | Lair:2   | HP: 1/142 [drowned by a quicksilver ooze (5)]
 11487 | Lair:2   | Slain by a quicksilver ooze

Illustrated notes

Levels and vault maps discovered:
D:1:      nagdon_arrival_zigzag_paths, layout_basic,
          shapermc_ecumenical_altar_venn
D:2:      layout_rooms, grunt_decor_resistance
D:3:      layout_basic, uniq_grinder
D:4:      layout_rooms, minmay_misc_feat_diagonals, corexii_checkpoint_b,
          uniq_robin
D:5:      layout_basic, temple_statues, serial_corexii_hall,
          corexii_hall_statues_x, corexii_hall_statues_l, uniq_menkaure,
          uniq_pikel, uniq_prince_ribbit1
D:6:      layout_rooms, hellmonk_ghost_happy_afterlife
D:7:      layout_gridville, serial_shops, shop, nicolae_shop_trees,
          nicolae_inconvenience_store
D:8:      layout_cave_pools, serial_shops, shop, nicolae_shop_waterfront,
          nicolae_take_the_stairs, shop, shop, kennysheep_cluttered_room,
          kennysheep_just_a_vault, uniq_grum
D:9:      layout_rooms, grunt_temple_overflow_open, erik_orc_1, uniq_psyche
D:10:     layout_irregular_city, erik_lair_orcish_takeover,
          muffindrake_ghost_dual_entry, kennysheep_donut, uniq_snorg
Temple:   dpeg_five_rooms_temple
Lair:1:   layout_roguey, cheibrodos_lair_caveside_slide
Lair:2:   layout_layer_cave, minmay_swamp_entry_worms, infiniplex_staircase_pool

Skill      XL: |  1  2  3  4  5  6  7  8  9 10 11 |
---------------+----------------------------------+-----
Axes           | 3 4 5 7 8 |  8.7
Armour         | 4 5 6 8 9 |  9.2
Shields        | 4 5 6 7 8 10 11 12 | 12.2
Fighting       | 4 5 6 7 8 |  8.3
Dodging        | 1 2 3 4 5 7 |  7.4
Short Blades   | 1 3 5 |  5.3
Stealth        | 2 |  2.0
Polearms       | 5 7 |  7.6
Evocations     | 1 |  1.0

Action                   |  1- 3 |  4- 6 |  7- 9 | 10-12 || total
-------------------------+-------+-------+-------+-------++-------
Melee: War axe           |    82 |    64 |     5 |       ||   151
       Headbutt          |    10 |     8 |    70 |    71 ||   159
       Dagger            |       |       |   335 |     6 ||   341
       Trident           |       |       |       |   305 ||   305
       Battleaxe         |       |       |       |    35 ||    35
Evoke: Wand              |       |       |     1 |    11 ||    12
       Lightning rod     |       |       |       |     4 ||     4
  Use: Potion            |     3 |       |     3 |     2 ||     8
       Scroll            |       |     3 |    12 |     4 ||    19
 Stab: Petrified         |       |       |       |     1 ||     1
Armor: Scale mail        |    48 |    51 |   208 |    66 ||   373
       Skin              |       |       |       |    59 ||    59
       Troll leather arm |       |       |       |   122 ||   122
Dodge: Dodged            |    24 |    36 |   175 |   320 ||   555
Block: Kite shield       |    55 |    71 |   297 |   338 ||   761
